AoeStats
← nutria._.del._.monte

Arena

510150133Analyzed
1v1 RM · 3d ago on Sep 29, 2026· 40m 26s· 2 players
Game mode
Random Map
Map size
Tiny (2 player)
Population
200
Speed
Normal
Resources
Standard
Victory
Conquest
Starting age
Dark Age
Ending age
Imperial Age
RankedLock teamsTeams togetherTeam positionsShared explorationLock speedFull tech treeHidden civsTurbo modeCheats
Victory
Defeat
🇳🇱 Bengalis · Netherlands
960
+15
🇦🇷 Franks · Argentina
933
-15
nutria._.del._.monte
11:40 Feudal Age
13:03 Double-Bit Axe
13:55 Loom
16:55 Castle Age
19:10 Bow Saw
20:38 Scale Barding Armor
20:44 Forging
21:49 Pikeman
23:40 Wheelbarrow
23:26 Fervor
27:05 Fletching
27:36 Chain Barding Armor
31:12 Hand Cart
33:29 Imperial Age
34:33 Husbandry
37:25 Forging
38:09 Gold Mining
38:16 Cavalier
vincentophoff
7:31 Loom
10:22 Feudal Age
15:40 Castle Age
13:47 Double-Bit Axe
14:49 Horse Collar
16:59 Pikeman
18:20 Forging
22:59 Scale Barding Armor
24:30 Paiks
25:50 Heavy Plow
27:19 Devotion
28:39 Wheelbarrow
28:46 Iron Casting
29:09 Bloodlines
28:59 Husbandry
30:25 Town Watch
35:23 Imperial Age
33:10 Gold Mining
33:14 Fletching
34:38 Squires
34:44 Bodkin Arrow
34:58 Scale Mail Armor
35:20 Sanctity
36:26 Block Printing
36:28 Redemption
37:30 Illumination
37:44 Theocracy
37:23 Onager
40:03 Ballistics
40:44 Chemistry
Connection lost

Rejoining the realm…

Still unreachable

The connection could not be restored.

Session expired

The server has moved on; the page needs a fresh start.